 Dungeon Crawl Stone Soup version 0.17.1-2-g5865329 (webtiles) character file.

79 Mysteryquy the Conjurer (level 4, -3/24 HPs)
             Began as a Deep Elf Conjurer on Jan 13, 2016.
             Slain by Flanowski's ghost (4 damage)
             ... on level 3 of the Dungeon.
             The game lasted 00:02:52 (2244 turns).

Mysteryquy the Conjurer (Deep Elf Conjurer)         Turns: 2244, Time: 00:02:53

Health: -3/24      AC:  3    Str:  5    XL:     4   Next: 16%
Magic:  1/11       EV: 13    Int: 21    God:
Gold:   101        SH:  0    Dex: 15    Spells: 1 memorised, 9 levels left

rFire  . . .     SeeInvis .     (no weapon)
rCold  . . .     Clarity  .     a - +0 robe
rNeg   . . .     SustAt   .     (no shield)
rPois  .         Gourm    .     (no helmet)
rElec  .         Spirit   .     (no cloak)
rCorr  .         Warding  .     (no gloves)
rMut   .         Stasis   .     l - +0 pair of boots
MR     .....                    (no amulet)
Stlth  ++........               (no ring)
                                (no ring)

@: lethally poisoned (-3 -> -9), not resistant to hostile enchantments,
unstealthy
A: no striking features
a: no special abilities


You were on level 3 of the Dungeon.
You were not hungry.

You visited 1 branch of the dungeon, and saw 3 of its levels.

You collected 101 gold pieces.

Inventory:

Armour
 a - a +0 robe (worn)
 g - a +2 buckler
 l - a +0 pair of boots (worn)
Scrolls
 d - 2 scrolls of remove curse {unknown}
 f - 3 scrolls of identify {unknown}
 j - a scroll of fog {unknown}
 k - a scroll of recharging {unknown}
 m - 3 scrolls of enchant armour {unknown}
Potions
 e - 2 potions of curing
 h - a potion of flight {unknown}
 i - a potion of might {unknown}
 n - a potion of degeneration {unknown}
 o - a potion of berserk rage {unknown}
Books
 b - a book of Conjurations

   Spells                             Type                      Level
   a - Magic Dart                     Conjuration                  1
   b - Searing Ray                    Conjuration                  2
   c - Dazzling Spray                 Conjuration/Hexes            3
   d - Fulminant Prism                Conjuration/Hexes            4
   e - Iskenderun's Mystic Blast      Conjuration                  4
   f - Iskenderun's Battlesphere      Conjuration/Charms           5
Comestibles
 c - 4 bread rations


   Skills:
 - Level 2.4 Dodging
 - Level 2.4 Stealth
 + Level 3.5 Spellcasting
 + Level 6.0 Conjurations


You had 9 spell levels left.
You knew the following spells:

 Your Spells              Type           Power        Failure   Level  Hunger
a - Magic Dart            Conj           ####         1%          1    None


Dungeon Overview and Level Annotations

Branches:
Dungeon (3/15)

Altars:
Gozag
Makhleb
Nemelex Xobeh
Xom

Annotations:
D:3 Flanowski's ghost, weakling DrBe


Message History

The magic dart hits Flanowski's ghost.
Flanowski's ghost is severely damaged.
The adder bites you.
You are poisoned.
The adder poisons you! Flanowski's ghost hits you.
* * * LOW HITPOINT WARNING * * *
There is a lethal amount of poison in your body!
Casting: Magic Dart
Confirm with . or Enter, or press ? or * to list all spells.
Aiming: Magic Dart
Press: ? - help, Shift-Dir - straight line, f/p - Flanowski's ghost
Aim: Flanowski's ghost (severely damaged)
The magic dart hits Flanowski's ghost.
Flanowski's ghost is severely damaged.
* * * LOW HITPOINT WARNING * * *
You feel sick. The adder bites you.
* * * LOW HITPOINT WARNING * * *
The giant newt bites you but does no damage.
The adder bites you but does no damage. Flanowski's ghost hits you.
You die...

#.............................
#.............................
#.............................
#......................)......
#.............................
#.............................
#.............................
#...†.........(...............
#...........S@...............)
#...........lW................
#.............#########.......
##............## ##......
#.........K..##≈≈ ##.....
#...........##≈≈#. ######
#..........##≈≈#...
#.........##≈≈#.#.#.
#........##≈≈#...#.#.


You could see Flanowski's ghost, an adder, a kobold and a giant newt.

Vanquished Creatures
  Natasha (D:3)
  A worm (D:3)
  2 giant geckos
  4 orcs (D:3)
  A giant cockroach (D:1)
  8 hobgoblins
  7 bats
  5 goblins
  7 kobolds
  3 quokkas
  6 rats
45 creatures vanquished.

Notes
Turn   | Place    | Note
--------------------------------------------------------------
     0 | D:1      | Mysteryquy the Deep Elf Conjurer began the quest for the Orb.
     0 | D:1      | Reached XP level 1. HP: 10/10 MP: 6/6
   390 | D:1      | Reached XP level 2. HP: 15/15 MP: 5/8
   509 | D:1      | Reached skill level 5 in Conjurations
  1283 | D:2      | Found a burning altar of Makhleb.
  1311 | D:2      | Found a shimmering altar of Xom.
  1473 | D:2      | Reached XP level 3. HP: 19/19 MP: 6/9
  1777 | D:2      | Found an opulent altar of Gozag.
  1777 | D:2      | Found a sparkling altar of Nemelex Xobeh.
  2107 | D:3      | Noticed Natasha
  2111 | D:3      | Killed Natasha
  2111 | D:3      | Reached skill level 6 in Conjurations
  2111 | D:3      | Reached XP level 4. HP: 24/24 MP: 5/11
  2212 | D:3      | Noticed Flanowski's ghost (weakling DrBe)
  2244 | D:3      | HP: 1/24 [adder (4)]
  2244 | D:3      | Slain by Flanowski's ghost

Action                   |  1- 3 |  4- 6 || total
-------------------------+-------+-------++-------
 Cast: Magic Dart        |    70 |    20 ||    90
  Use: Potion            |       |     1 ||     1
  Eat: Chunk             |     3 |     1 ||     4
